 Dungeon Crawl Stone Soup version 0.17-a0-1382-gc46a074 (webtiles) character file.

43 urechis the Magician (level 3, -1/19 HPs)
             Began as a Gargoyle Wizard on June 15, 2015.
             Slain by a quokka (3 damage)
             ... on level 2 of the Dungeon.
             The game lasted 00:06:20 (1031 turns).

urechis the Magician (Gargoyle Wizard)              Turns: 1031, Time: 00:06:21

Health: -1/19      AC:  6    Str: 10    XL:     3   Next: 58%
Magic:  8/8        EV: 11    Int: 19    God:
Gold:   45         SH:  4    Dex:  8    Spells: 1 memorised, 8 levels left

rFire  . . .     SeeInvis .     f - +0 whip (elec)
rCold  . . .     Clarity  .     a - +0 robe
rNeg   + . .     SustAt   .     k - +2 buckler
rPois  ∞         Gourm    .     h - +0 helmet
rElec  +         Spirit   .     (no cloak)
rCorr  .         Warding  .     (no gloves)
rMut   .         Stasis   .     (no boots)
MR     .....                    (no amulet)
Stlth  ++........               (no ring)
                                (no ring)

@: not resistant to hostile enchantments, unstealthy
A: negative energy resistance 1, electricity resistance, unbreathing,
petrification resistance, rot immunity, AC +3
a: no special abilities


You were on level 2 of the Dungeon.
You were not hungry.

You visited 1 branch of the dungeon, and saw 2 of its levels.

You collected 45 gold pieces.

Inventory:

Hand weapons
 f - a +0 whip of electrocution (weapon)
Armour
 a - a +0 robe (worn)
 b - a +0 hat
 h - a +0 helmet (worn)
 k - a +2 buckler (worn)
Scrolls
 i - 2 scrolls of remove curse {unknown}
 m - a scroll of teleportation {unknown}
Potions
 e - a potion of ambrosia {unknown}
 g - a potion of agility {unknown}
 l - a potion of lignification {unknown}
 n - 2 potions of curing {unknown}
Books
 c - a book of Minor Magic

   Spells                             Type                      Level
   a - Magic Dart                     Conjuration                  1
   b - Blink                          Translocation                2
   c - Call Imp                       Summoning                    2
   d - Repel Missiles                 Charms/Air                   2
   e - Slow                           Hexes                        2
   f - Conjure Flame                  Conjuration/Fire             3
   g - Mephitic Cloud                 Conjuration/Poison/Air       3
Comestibles
 d - 2 bread rations
 j - a slice of pizza


   Skills:
 - Level 1.5 Dodging
 - Level 2.1 Stealth
 + Level 3.5 Spellcasting
 * Level 2.9 Conjurations
   Level 0.8 Summonings
   Level 0.8 Translocations


You had 8 spell levels left.
You knew the following spells:

 Your Spells              Type           Power        Failure   Level  Hunger
a - Magic Dart            Conj           ##..         10%         1    None


Dungeon Overview and Level Annotations

Branches:
Dungeon (2/15)

Altars:


Innate Abilities, Weirdness & Mutations

You are resistant to torment.
Your stone body is resilient (AC +3).
You are immune to poison.
You resist negative energy.
You are resistant to electric shocks.
You can survive without breathing.
You are immune to petrification.
You are immune to rotting.


Message History

You see here a rat corpse.
You butcher the rat corpse.
You see here a chunk of flesh.
Eat a chunk of flesh? (ye/n/q/i?) This raw flesh tastes terrible.
You continue eating. x2
The quokka barely misses you. The quokka misses you. The worm bites you.
You hit the worm.
The worm is lightly wounded.
The quokka closely misses you.
You barely miss the worm.
The worm is lightly wounded.
The quokka bites you but does no damage.
The worm bites you.
* * * LOW HITPOINT WARNING * * *
You are too injured to fight recklessly!
You are too injured to fight recklessly!
You are too injured to fight recklessly!
The quokka bites you.
You die...

.....................†.....
......†.#.........#........
......†.#.........####.....
..>.....+.........# #.....
........##...)....# #.....
........##........# #.....
........##........# #.....
........##.#+#.#### ......
.....#####@#+#.####
#.r....(.# ##.w.....#
#.......# ####+####


You could see a worm and a quokka.

Vanquished Creatures
  An adder (D:2)
  3 bats (D:1)
  3 giant cockroaches
  A goblin (D:2)
  5 hobgoblins (D:1)
  4 jackals (D:1)
  2 kobolds (D:1)
  A quokka (D:2)
  5 giant newts
  8 rats
  A plant (D:1)
34 creatures vanquished.

Notes
Turn   | Place    | Note
--------------------------------------------------------------
     0 | D:1      | urechis the Gargoyle Wizard began the quest for the Orb.
     0 | D:1      | Reached XP level 1. HP: 10/10 MP: 4/4
    76 | D:1      | Reached XP level 2. HP: 10/15 MP: 4/6
   573 | D:1      | Reached XP level 3. HP: 10/19 MP: 7/7
  1031 | D:2      | Slain by a quokka

Vault maps used:
D:1:      denvon_arrival_planthouse
D:2:      ecumenical_altar_1, minmay_misc_feat_chi

Action                   || total
-------------------------++-------
Melee: Club              ||    18
       Whip              ||    99
 Cast: Magic Dart        ||    10
 Stab: Sleeping          ||     2
  Eat: Chunk             ||     1
